 Dungeon Crawl Stone Soup version 0.20-a0-1116-gaa52201 (webtiles) character file.

226 Infinimo the Slasher (level 6, -6/41 HPs)
             Began as a Halfling Fighter on May 8, 2017.
             Mangled by Crazy Yiuf
             ... wielding a +3 quarterstaff of chaos
              (20 damage)
             ... on level 3 of the Dungeon.
             The game lasted 00:07:05 (2792 turns).

Infinimo the Slasher (Halfling Fighter)             Turns: 2792, Time: 00:07:07

Health: -6/41      AC: 11    Str: 15 (18) XL:     6   Next: 22%
Magic:  6/6        EV:  4    Int:  3 (6)  God:
Gold:   169        SH:  9    Dex: 13 (15) Spells: 6/6 levels left

rFire    . . .     SeeInvis .   a - +0 long sword
rCold    . . .     Gourm    .   c - +0 shield
rNeg     . . .     Faith    .   r - +0 plate armour
rPois    .         Spirit   .   (no helmet)
rElec    .         Reflect  .   j - scarf {repulsion}
rCorr    .         Harm     .   (no gloves)
MR       .....                  (no boots)
Stlth    ..........             o - amulet of rage
Regen    0.2/turn               (no ring)
MPRegen  0.1/turn               (no ring)

@: repel missiles
A: mutation resistance 1
a: Evoke Berserk Rage


You were on level 3 of the Dungeon.
You were hungry.

You visited 1 branch of the dungeon, and saw 3 of its levels.

You collected 169 gold pieces.

Inventory:

Hand Weapons
 a - a +0 long sword (weapon)
Armour
 c - a +0 shield (worn)
 j - a scarf of repulsion (worn)
 r - a +0 plate armour (worn)
Jewellery
 o - an amulet of rage (around neck)
 p - an uncursed amulet of faith {unknown}
Scrolls
 e - 4 scrolls of remove curse
 l - 4 scrolls of teleportation
 n - a scroll of identify
 s - a scroll of recharging
Potions
 d - a potion of might
 h - 4 potions of curing
 k - 2 potions of lignification
 m - a potion of degeneration
 q - a potion of heal wounds {unknown}
Comestibles
 b - 2 royal jellies
 f - 2 bread rations
 g - a fruit
 i - 2 meat rations


   Skills:
 - Level 2.6 Fighting
 * Level 5.6 Long Blades
 - Level 3.2 Armour
 + Level 3.7 Shields
 + Level 0.5 Spellcasting


You had 6 spell levels left.
You didn't know any spells.

Dungeon Overview and Level Annotations

Branches:
Dungeon (3/15)

Altars:

Annotations:
D:3 Crazy Yiuf


Innate Abilities, Weirdness & Mutations

You are small and have problems with some larger weapons.
You are somewhat resistant to further mutation.


Message History

Crazy Yiuf closely misses you.
You hit Crazy Yiuf but do no damage.
Crazy Yiuf is lightly wounded.
Crazy Yiuf grits, "Lugonu pontify wrapper!"
You hit Crazy Yiuf but do no damage.
Crazy Yiuf is lightly wounded.
You block Crazy Yiuf's attack.
Crazy Yiuf yells, "Papa King head!"
Crazy Yiuf hits you with a quarterstaff of chaos.
Crazy Yiuf burns you.
It was a potion of degeneration.
There was something very wrong with that liquid.
You feel weakened.
You feel dopey.
You feel clumsy.
You hit Crazy Yiuf.
Crazy Yiuf is moderately wounded.
Crazy Yiuf hits you with a quarterstaff of chaos.
Crazy Yiuf burns you.
Crazy Yiuf hits you with a quarterstaff of chaos.
You are electrocuted!
You die...

#..# #.#.##
##.######.##.##
##..# #.##.###.##
#.##.## ....#
#.###...##
#####.##.## ###.#
### #####
#.......... #.#
#####.####. #.# #.#
#( #.#####♣♣ ####
#.####[ #.##.+.P♣♣
♣♣#..)# #####.##..(
#.#....PP♣♣♣♣.@g..#
#..........
##.#....PP.♣..♣#...#
######...).
#.#...+...♣.♣♣♣ ####
#......
##.#####♣♣♣♣♣
#...... #.# #......
#.# ###
########.....
###.###### #.#
#............
....)....# #.#
#########....
##.#####.# #.# #.###


You could see Crazy Yiuf.

Vanquished Creatures
  Jessica (D:2)
  A worker ant (D:3)
  5 adders
  4 oozes
  3 worms
  A dart slug (D:3)
  5 leopard geckos
  5 orcs (D:3)
  12 giant cockroaches
  6 goblins
  11 hobgoblins
  8 jackals
  2 quokkas (D:2)
  8 bats
  3 frilled lizards
  8 kobolds
  9 rats
92 creatures vanquished.

Notes
Turn   | Place    | Note
-------+----------+-------------------------------------------
     0 | D:1      | Infinimo the Halfling Fighter began the quest for the Orb.
     0 | D:1      | Reached XP level 1. HP: 15/15 MP: 1/1
     1 | D:1      | Found a runed door.
   226 | D:1      | Reached XP level 2. HP: 20/20 MP: 2/2
   454 | D:1      | Reached skill level 3 in Long Blades
   794 | D:1      | Reached XP level 3. HP: 20/25 MP: 3/3
  1140 | D:1      | Reached XP level 4. HP: 16/30 MP: 4/4
  1146 | D:1      | Reached skill level 4 in Long Blades
  1319 | D:2      | Noticed Jessica
  1457 | D:2      | Killed Jessica
  1457 | D:2      | Reached XP level 5. HP: 35/35 MP: 5/5
  1566 | D:2      | Reached skill level 5 in Long Blades
  2256 | D:3      | Reached XP level 6. HP: 41/41 MP: 6/6
  2274 | D:3      | Found a runed door.
  2784 | D:3      | Noticed Crazy Yiuf
  2792 | D:3      | Mangled by Crazy Yiuf

Vault maps used:
D:1:      dpeg_arrival_caged_fury, hex_intersection
D:2:      kennysheep_generic_room_13, uniq_jessica
D:3:      first_bread, uniq_crazy_yiuf_cottage

Skill      XL: |  1  2  3  4  5 |
---------------+----------------+-----
Long Blades    | 3 4 5 |  5.6
Fighting       | |  2.6
Armour         | |  3.2
Shields        | |  3.7
Spellcasting   | |  0.5

Action                   |  1- 3 |  4- 6 || total
-------------------------+-------+-------++-------
Melee: Long sword        |   119 |   215 ||   334
  Use: Scroll            |       |     6 ||     6
       Potion            |       |     1 ||     1
  Eat: Chunk             |     1 |     5 ||     6
Armor: Scale mail        |    61 |    32 ||    93
       Plate armour      |       |    66 ||    66
Dodge: Dodged            |    47 |    51 ||    98
Block: Shield            |    78 |   107 ||   185
       Rpst.: Long sword |    17 |    20 ||    37
